 Dungeon Crawl Stone Soup version 0.29-a0-91-gdebf4667c2 (webtiles) character file.

Game seed: 11101805158219827811

10397 enile the Ogre Mage (level 11, -5/127 HPs)
             Began as an Ogre Fire Elementalist on Feb 8, 2022.
             Was a High Priest of Ru.
             Slain by a six-headed hydra (6 damage)
             ... on level 11 of the Dungeon.
             The game lasted 00:31:14 (16043 turns).

enile the Ogre Mage (Ogre Fire Elementalist)       Turns: 16043, Time: 00:31:15

Health: -5/127     AC:  8    Str: 16    XL:     11   Next: 61%
Magic:  25/29      EV: 23    Int: 23    God:    Ru [*****.]
Gold:   588        SH:  0    Dex:  9    Spells: 18/38 levels left

rFire   + . .      SeeInvis .   h - +7 quarterstaff "Juleunu" {freeze, rF+ Will+++ Str+2 Int+3}
rCold   . . .      Faith    .   (shield currently unavailable)
rNeg    . . .      Spirit   .   C - +0 acid dragon scales
rPois   .          Reflect  .   (helmet restricted)
rElec   .          Harm     .   s - scarf {rC+ rF+}
rCorr   +          Rampage  .   (gloves unavailable)
Will    ++++.                   (boots unavailable)
Stlth   ..........              g - amulet of the acrobat
HPRegen 0.31/turn               (no ring)
MPRegen 0.21/turn               (no ring)

@: acrobatic
A: large, unfitting armour, tough skin 1, no stealth, hated by all, inability to
train dodging, temperature sensitive
a: Renounce Religion, Draw Out Power, Power Leap, Apocalypse


You were on level 11 of the Dungeon.
You worshipped Ru.
Ru was extremely pleased with you.
You visited 1 branch of the dungeon, and saw 11 of its levels.

You collected 588 gold pieces.

Inventory:

Hand Weapons
 b - a +4 quarterstaff of draining
 c - a +0 whip
 h - the +7 quarterstaff "Juleunu" (weapon) {freeze, rF+ Will+++ Str+2 Int+3}
   (You found it on level 2 of the Dungeon)

   It freezes those it strikes, dealing additional cold damage.
   It can also slow down cold-blooded creatures.
   Str:       It affects your strength (+2).
   Int:       It affects your intelligence (+3).
   rF:        It protects you from fire.
   Will:      It greatly increases your willpower.
 p - a +2 vampiric scythe
 v - a +0 whip of electrocution
 F - a +1 quarterstaff of speed
Missiles
 x - 10 poisoned darts
 K - 3 curare-tipped darts (quivered)
Armour
 a - a +0 robe
 k - the +0 robe of the Forest {Fly rC+ Str+3}
   (You found it on level 4 of the Dungeon)

   Str:       It affects your strength (+3).
   rC:        It protects you from cold.
   Fly:       It grants you flight.
 s - a scarf of resistance (worn)
 C - +0 acid dragon scales (worn)
 G - an orb of wrath
Jewellery
 f - an amulet of reflection
 g - an amulet of the acrobat (around neck)
 r - an amulet of guardian spirit
Wands
 j - a wand of charming (6)
 z - a wand of flame (7)
 A - a wand of acid (15)
 B - a wand of iceblast (5)
 H - a wand of paralysis (4)
Scrolls
 d - 2 scrolls of fog
 m - a scroll of magic mapping
 o - 3 scrolls of noise
 u - a scroll of vulnerability
 w - 2 scrolls of amnesia
 y - 4 scrolls of identify
 E - a scroll of teleportation {unknown}
 I - a scroll of silence {unknown}
Potions
 e - 3 potions of brilliance
 i - 2 potions of degeneration {unknown}
 l - a potion of ambrosia
 n - a potion of berserk rage {unknown}
 q - 3 potions of heal wounds {unknown}
 t - 2 potions of haste {unknown}
 D - a potion of might {unknown}
 J - a potion of flight {unknown}


   Skills:
 - Level 13.0 Fighting
 - Level 2.0 Staves
 + Level 4.1 Armour
 - Level 14.0 Spellcasting
 - Level 3.0 Conjurations
 - Level 8.0 Fire Magic
 - Level 4.0 Evocations


You had 18 spell levels left.
You knew the following spells:

 Your Spells              Type           Power      Damage    Failure   Level
a - Foxfire               Conj/Fire      100%       2x1d9     1%          1
b - Scorch                Fire           100%       2d10      1%          2
c - Inner Flame           Hex/Fire       34%        N/A       2%          3
d - Sticky Flame          Conj/Fire      41%        2d6       4%          4
e - Flame Wave            Conj/Fire      41%        2d9       4%          4
f - Swiftness             Air            16%        N/A       14%         3
g - Mephitic Cloud        Conj/Pois/Air  20%        N/A       10%         3

Your spell library contained the following spells:

 Spells                   Type           Power      Damage    Failure   Level
 Conjure Flame            Conj/Fire      41%        6-21      1%          3
 Shock                    Conj/Air       92%        1d8       2%          1
 Apportation              Tloc           32%        N/A       4%          1
 Ignite Poison            Fire/Tmut/Pois 28%        N/A       4%          3
 Ensorcelled Hibernation  Hex/Ice        32%        N/A       8%          2
 Passwall                 Tmut/Erth      13%        N/A       8%          2
 Airstrike                Air            8%         N/A       43%         4
 Olgreb's Toxic Radiance  Pois           16%        N/A       43%         4
 Freezing Cloud           Conj/Ice/Air   10%        6-21      65%         5
 Ozocubu's Refrigeration  Ice            8%         4d6       100%        7
 Ignition                 Fire           26%        3d9       100%        8
 Animate Skeleton         Necr           Unusable   N/A       N/A         1
 Summon Small Mammal      Summ           Unusable   N/A       N/A         1

Dungeon Overview and Level Annotations

Branches:
Dungeon (11/15)            Temple (0/1) D:5
   Lair: D:8-11         Orc: D:9-12

Altars:
Cheibriados
Hepliaklqana
Makhleb
Ru
Trog
Wu Jian

Annotations:
D:3 3 runed translucent doors, lordive's ghost, weakling SpEn
D:4 1 transporter, lordive's ghost, amateur SpEn
D:11 exclusion: oklob plant


Innate Abilities, Weirdness & Mutations

You are too large for most types of armour.
You have tough skin. (AC +1)
You cannot be stealthy.
You are hated by all.
You cannot train Dodging skill.
You are sensitive to extremes of temperature. (rF-, rC-)


Message History

Press: ? - help, Dir - move target, f - killer bee
Aim: a killer bee (chance to affect: 91%)
The killer bee is filled with an inner flame.
The killer bee stings you.
You focus your inner power and illuminate the killer bee in retribution!
The killer bee stops glowing.
Casting: Inner Flame (mildly dangerous; 2% risk of failure)
Confirm with . or Enter, or press ? or * to list all spells.
Flames lash the six-headed hydra.
The six-headed hydra is lightly wounded.
The six-headed hydra's fire resistance burns away.
The six-headed hydra bites you! The six-headed hydra bites you. x2
The six-headed hydra barely misses you. The six-headed hydra bites you!
You focus your inner power and blind the six-headed hydra in retribution!
The six-headed hydra closely misses you.
The six-headed hydra misses you. x6
The six-headed hydra is no longer more vulnerable to fire.
Casting: Scorch (safe; 1% risk of failure)
Confirm with . or Enter, or press ? or * to list all spells.
Flames lash the six-headed hydra.
The six-headed hydra is lightly wounded.
The six-headed hydra's fire resistance burns away.
The six-headed hydra is no longer blind.
The six-headed hydra bites you!
* * * LOW HITPOINT WARNING * * *
The six-headed hydra bites you!
* * * LOW HITPOINT WARNING * * *
The six-headed hydra bites you.
* * * LOW HITPOINT WARNING * * *
The six-headed hydra bites you.
* * * LOW HITPOINT WARNING * * *
The six-headed hydra bites you but does no damage.
The six-headed hydra bites you.
* * * LOW HITPOINT WARNING * * *
The killer bee misses you. x2; The six-headed hydra bites you!
* * * LOW HITPOINT WARNING * * *
The six-headed hydra bites you.
* * * LOW HITPOINT WARNING * * *
The six-headed hydra bites you.
You die...

##############...#
.................############
................)............
..........#############......
########..# #..#### #..# #..#
#..# #..####
######..#############......
.......>...@D...........)...
............y..##########..#
############...# ###.# #...#
#.... #...# ##.... #...#
#..... #####...########.#.#.
..................###...#
...................# #..#.


You could see a six-headed hydra (combustible) and a killer bee (inner flame).

Vanquished Creatures
  A two-headed ogre (D:11)
  Sonja (D:10)
  Joseph (D:9)
  An unseen horror (D:10)
  Grinder (D:3)
  A hornet (D:7)
  3 slime creatures (D:9)
  A meliai zombie (D:10)
  A wyvern (D:5)
  Sigmund (D:3)
  A vampire (D:11)
  4 yaks
  A wraith (D:11)
  An acid dragon (D:9)
  3 orc warriors
  A sky beast (D:8)
  2 ice beasts
  A necrophage (D:7)
  2 centaurs
  A kobold brigand (D:7)
  5 bullfrogs
  A gnoll sergeant (D:7)
  A water moccasin skeleton (D:7)
  20 killer bees
  4 wights (D:8)
  An electric eel (D:8)
  3 howler monkeys
  2 centaur zombies
  2 hounds (D:4)
  6 orc priests
  A bullfrog skeleton (D:5)
  Jessica (D:3)
  4 orc wizards
  9 gnolls
  5 adders
  A shadow imp (D:5)
  2 adder skeletons (D:4)
  A worm (D:4)
  4 dart slugs
  26 orcs
  5 endoplasms
  3 giant cockroaches
  10 goblins
  9 hobgoblins
  2 jackals (D:3)
  6 quokkas
  8 ball pythons
  4 bats
  2 frilled lizards
  13 kobolds
  4 rats
194 creatures vanquished.

Vanquished Creatures (collateral kills)
  Harold (D:7)
  Erica (D:10)
  2 centaur warriors
  A vampire (D:11)
  2 killer bees
  3 foxfires (D:2)
10 creatures vanquished.

Vanquished Creatures (others)
  A yak (D:9)
  2 centaurs (D:10)
  A kobold (D:7)
  405 foxfires
  61 plants
470 creatures vanquished.

Grand Total: 674 creatures vanquished

Notes
Turn   | Place    | Note
-------+----------+-------------------------------------------
     0 | D:1      | enile the Ogre Fire Elementalist began the quest for the
                  | Orb.
     0 | D:1      | Reached XP level 1. HP: 16/16 MP: 3/3
   385 | D:1      | Reached skill level 1 in Fighting
   538 | D:1      | Reached XP level 2. HP: 28/28 MP: 1/5
  1147 | D:1      | Reached XP level 3. HP: 37/37 MP: 3/6
  2062 | D:2      | Identified the +7 quarterstaff "Juleunu" {freeze, rF+
                  | Will+++ Str+2 Int+3}
  2349 | D:2      | Learned a level 2 spell: Scorch
  2386 | D:2      | Reached XP level 4. HP: 49/49 MP: 5/7
  2476 | D:2      | Found a faded altar of an unknown god.
  2664 | D:2      | Prayed at the altar of an unknown god.
  2664 | D:2      | Became a worshipper of Ru the Awakened
  2768 | D:2      | Gained mutation: You are sensitive to extremes of
                  | temperature. (rF-, rC-) [Ru sacrifice]
  2768 | D:2      | Reached * piety under Ru
  2768 | D:2      | Reached ** piety under Ru
  3101 | D:3      | Found a bloodstained altar of Trog.
  3149 | D:3      | Noticed Jessica
  3155 | D:3      | Killed Jessica
  3156 | D:3      | Reached skill level 5 in Fighting
  3183 | D:4      | Found a transporter.
  3461 | D:4      | Noticed an ogre
  3462 | D:4      | Noticed an ogre
  3462 | D:4      | Noticed lordive's ghost (amateur SpEn)
  3558 | D:4      | Noticed a yak
  3596 | D:4      | Found a sacrificial altar of Ru.
  3605 | D:4      | Reached XP level 5. HP: 53/59 MP: 8/8
  3810 | D:4      | Found an ornate altar of the Wu Jian Council.
  4191 | D:4      | Reached skill level 3 in Spellcasting
  4291 | D:3      | Reached skill level 4 in Spellcasting
  4292 | D:3      | Noticed Sigmund
  4344 | D:4      | Learned a level 3 spell: Inner Flame
  4349 | D:4      | Reached XP level 6. HP: 22/68 MP: 2/12
  4605 | D:4      | Found a hazy altar of Hepliaklqana.
  4606 | D:4      | Found a snail-covered altar of Cheibriados.
  4657 | D:4      | Reached skill level 6 in Spellcasting
  4951 | D:4      | Killed a yak
  4952 | D:4      | Reached XP level 7. HP: 62/80 MP: 5/16
  5452 | D:4      | Reached skill level 7 in Spellcasting
  5489 | D:4      | Identified the +0 robe of the Forest {Fly rC+ Str+3}
  5819 | D:3      | Killed Sigmund
  6055 | D:3      | Found a runed translucent gate.
  6055 | D:3      | Found a runed translucent gate.
  6055 | D:3      | Found a runed translucent gate.
  6057 | D:3      | Noticed lordive's ghost (weakling SpEn)
  6060 | D:3      | Noticed Grinder
  6085 | D:3      | Killed Grinder
  6086 | D:3      | Reached skill level 1 in Staves
  6086 | D:3      | Reached skill level 5 in Fire Magic
  6086 | D:3      | Reached XP level 8. HP: 57/88 MP: 4/18
  6829 | D:5      | Entered Level 5 of the Dungeon
  6855 | D:5      | Found a staircase to the Ecumenical Temple.
  6936 | D:5      | Reached skill level 8 in Spellcasting
  7043 | D:5      | Gained mutation: You cannot be stealthy. [Ru sacrifice]
  7369 | D:5      | Noticed a wyvern
  7378 | D:5      | Killed a wyvern
  7379 | D:5      | Reached skill level 9 in Spellcasting
  7753 | D:5      | You are sucked into a shaft and drop 2 floors!
  7853 | D:7      | Reached skill level 10 in Spellcasting
  7922 | D:7      | Noticed Harold
  7939 | D:7      | HP: 1/92 [Harold (12)]
  7950 | D:7      | Killed Harold
  7951 | D:7      | Reached skill level 11 in Spellcasting
  7951 | D:7      | Reached XP level 9. HP: 20/98 MP: 16/24
  8264 | D:7      | Learned a level 4 spell: Sticky Flame
  8309 | D:7      | Noticed a hornet
  8313 | D:7      | Killed a hornet
  8774 | D:7      | Reached skill level 12 in Spellcasting
  8774 | D:7      | Reached skill level 1 in Conjurations
  9433 | D:7      | Learned a level 4 spell: Flame Wave
  9445 | D:8      | Reached skill level 13 in Spellcasting
  9950 | D:7      | Reached XP level 10. HP: 88/107 MP: 27/27
 10829 | D:8      | Gained mutation: You cannot train Dodging skill. [Ru
                  | sacrifice]
 10829 | D:8      | Reached *** piety under Ru
 10829 | D:8      | Reached **** piety under Ru
 11842 | D:9      | Reached skill level 14 in Spellcasting
 12102 | D:9      | Noticed Joseph
 12115 | D:9      | Killed Joseph
 12116 | D:9      | Reached skill level 10 in Fighting
 13625 | D:10     | Entered Level 10 of the Dungeon
 13631 | D:10     | Noticed Sonja
 14074 | D:10     | Noticed an unseen horror
 14080 | D:10     | Killed an unseen horror
 14290 | D:10     | Reached skill level 1 in Evocations
 14426 | D:10     | Killed Sonja
 14427 | D:10     | Reached XP level 11. HP: 103/123 MP: 24/29
 14543 | D:10     | Learned a level 3 spell: Swiftness
 14547 | D:10     | Learned a level 3 spell: Mephitic Cloud
 14589 | D:10     | Found a burning altar of Makhleb.
 14630 | D:10     | Noticed Erica
 14635 | D:10     | Noticed a centaur warrior
 14644 | D:10     | Killed a centaur warrior
 14645 | D:10     | Reached skill level 1 in Armour
 14645 | D:10     | Killed Erica
 15320 | D:11     | Noticed a two-headed ogre
 15320 | D:11     | Noticed a centaur warrior
 15330 | D:11     | Killed a centaur warrior
 15352 | D:11     | Gained mutation: You are hated by all. [Ru sacrifice]
 15352 | D:11     | Reached ***** piety under Ru
 15355 | D:11     | Noticed an oklob plant
 15384 | D:11     | HP: 4/124 [two-headed ogre (16)]
 15392 | D:11     | Killed a two-headed ogre
 15948 | D:11     | Noticed a six-headed hydra
 16043 | D:11     | HP: 6/127 [six-headed hydra (9)]
 16043 | D:11     | HP: 1/127 [six-headed hydra (5)]
 16043 | D:11     | Slain by a six-headed hydra

Illustrated notes

Levels and vault maps discovered:
D:1:      dpeg_arrival_shrine, layout_loops_corners, grunt_decor_cap,
          minmay_quantized
D:2:      layout_loops_ring, shapermc_ecumenical_altar_mp_ritualfount,
          kennysheep_generic_room_14
D:3:      layout_basic, trog_three_pillars_becter, gammafunk_ghost_necromancy,
          lemuel_another_geyser, uniq_grinder, uniq_sigmund, uniq_jessica
D:4:      layout_loops_cross, nicolae_overflow_squiral,
          nicolae_ru_great_annihilating_truth,
          mainiacjoe_overflow_surrounded_room, gammafunk_ghost_smash,
          minmay_manual_moon
D:5:      layout_basic, minmay_temple_entry_gardened_gates,
          nicolae_zen_rock_garden, serial_bayou_crossing
D:6:      layout_basic, nicolae_shop_sticking_my_neck_out
D:7:      layout_rooms, chequers_serial_rivers_marsh,
          chequers_serial_rivers_room_a, uniq_harold
D:8:      layout_loops_ring, serial_bayou, serial_bayou_pond_d,
          serial_bayou_pond_d, serial_bayou_pond_d, serial_bayou_pond_d,
          serial_bayou_ford_a, serial_bayou_pond_a
D:9:      layout_rooms, nicolae_fountain_basement, uniq_joseph
D:10:     layout_small_grid, mainiacjoe_overflow_concentric_impassable,
          uniq_sonja, uniq_erica
D:11:     regret_index_harrowing_hell_hive, layout_long_grid,
          david_lair_shrubbed

Skill      XL: |  1  2  3  4  5  6  7  8  9 10 11 |
---------------+----------------------------------+-----
Fighting       | 2 3 4 6 8 9 12 13 | 13.0
Spellcasting   | 4 6 7 11 13 14 | 14.0
Fire Magic     | 5 6 7 8 |  8.0
Staves         | 1 2 |  2.0
Stealth        | 0 |  0.0
Conjurations   | 3 |  3.0
Dodging        | 0 |  0.0
Evocations     | 3 4 |  4.0
Armour         | 4 |  4.1

Action                   |  1- 3 |  4- 6 |  7- 9 | 10-12 || total
-------------------------+-------+-------+-------+-------++-------
Melee: Unarmed           |     4 |       |       |       ||     4
       Whip              |    17 |       |       |       ||    17
       Quarterstaff      |     5 |    45 |    37 |    22 ||   109
Throw: Throwing net      |       |       |       |     1 ||     1
       Dart              |       |       |       |     4 ||     4
 Cast: Foxfire           |    83 |    41 |    60 |    79 ||   263
       Scorch            |     1 |    13 |    56 |    76 ||   146
       Inner Flame       |       |       |     8 |    12 ||    20
       Flame Wave        |       |       |     4 |     5 ||     9
       Sticky Flame      |       |       |     2 |     3 ||     5
       Mephitic Cloud    |       |       |       |     1 ||     1
       Swiftness         |       |       |       |     1 ||     1
Invok: Sacrifice Resista |       |     1 |       |       ||     1
       Sacrifice Stealth |       |       |     1 |       ||     1
       Sacrifice Nimblen |       |       |       |     1 ||     1
       Sacrifice Love    |       |       |       |     1 ||     1
Evoke: Wand              |       |       |     2 |     5 ||     7
  Use: Scroll            |       |     4 |     8 |     2 ||    14
       Potion            |       |       |     5 |       ||     5
Armor: Robe              |     9 |    11 |    20 |     2 ||    42
       Acid dragon scale |       |       |       |    45 ||    45
Dodge: Dodged            |    22 |    24 |    98 |   137 ||   281
Block: Other             |       |       |     6 |       ||     6

Table legend: (Time is in decaauts)
 A = Elapsed time spent in this place.
 B = Non-inter-level travel time spent in this place.
 C = Inter-level travel time spent in this place.
 D = Time resting spent in this place.
 E = Time spent auto-exploring this place.
 F = Levels seen in this place.
 G = Mean time per level.
                   A        B        C        D        E       F      G
               +--------+--------+--------+--------+--------+-----+--------+
         Total |  16113 |  15759 |    354 |   1653 |  11631 |  11 | 1464.8 |
       Dungeon |  16113 |  15759 |    354 |   1653 |  11631 |  11 | 1464.8 |
               +--------+--------+--------+--------+--------+-----+--------+

Top non-repeatable levels by time:
     D:4: 2608 daAuts
     D:9: 2473 daAuts
     D:7: 2158 daAuts
     D:1: 1682 daAuts
     D:2: 1382 daAuts
     D:8: 1347 daAuts
    D:10: 1260 daAuts
     D:3: 1180 daAuts
     D:5: 924 daAuts
    D:11: 813 daAuts
     D:6: 281 daAuts
